 Dungeon Crawl Stone Soup version 0.18.1-48-g4cf74bf (webtiles) character file.

2731 Inkary the Cleaver (level 9, -2/78 HPs)
             Began as a Minotaur Fighter on Sept 9, 2016.
             Was a Follower of Qazlal.
             Slain by a manticore (10 damage)
             ... on level 8 of the Dungeon.
             The game lasted 00:09:54 (6678 turns).

Inkary the Cleaver (Minotaur Fighter)               Turns: 6678, Time: 00:09:54

Health: -2/78      AC: 10    Str: 21    XL:     9   Next: 40%
Magic:  8/8        EV:  8    Int:  5    God:    Qazlal [*.....]
Gold:   237        SH: 13    Dex: 13    Spells: 0 memorised, 8 levels left

rFire  . . .     SeeInvis .     a - +0 war axe
rCold  . . .     Gourm    .     b - +0 scale mail
rNeg   . . .     Faith    .     c - +0 shield
rPois  +         Spirit   .     (helmet restricted)
rElec  .         Dismiss  .     s - +0 cloak
rCorr  .         Reflect  .     H - +0 pair of gloves (curse)
SustAt .         Harm     .     (no boots)
MR     .....                    m - amulet of magic regeneration
Stlth  ..........               (no ring)
                                A - ring of poison resistance

@: manticore barbs, not resistant to hostile enchantments, extremely unstealthy
A: retaliatory headbutt, horns 2
a: Renounce Religion


You were on level 8 of the Dungeon.
You worshipped Qazlal.
Qazlal was aware of your devotion.
You were not hungry.

You visited 2 branches of the dungeon, and saw 9 of its levels.

You collected 237 gold pieces.

Inventory:

Hand Weapons
 a - a +0 war axe (weapon)
Missiles
 G - 2 throwing nets (quivered)
Armour
 b - a +0 scale mail (worn)
 c - a +0 shield (worn)
 s - a +0 cloak (worn)
 H - a cursed +0 pair of gloves (worn)
Jewellery
 m - an amulet of magic regeneration (around neck)
 A - a ring of poison resistance (left hand)
 K - an uncursed ring of flight {unknown}
Wands
 t - a wand of confusion (31/48)
 w - a wand of paralysis (10/24)
 F - a wand of flame (23/48)
 L - a wand of acid (4/15)
 M - a wand of random effects (21/48)
Scrolls
 h - 6 scrolls of remove curse {unknown}
 i - 2 scrolls of blinking {unknown}
 k - 3 scrolls of teleportation {unknown}
 n - 2 scrolls of fear {unknown}
 o - 4 scrolls of identify {unknown}
 p - 3 scrolls of enchant weapon {unknown}
 r - 3 scrolls of magic mapping {unknown}
 u - 3 scrolls of enchant armour {unknown}
 B - 2 scrolls of amnesia {unknown}
 O - a scroll of vulnerability {unknown}
Potions
 d - a potion of might
 e - a potion of mutation {unknown}
 j - 5 potions of heal wounds
 l - 5 potions of curing
 z - a potion of ambrosia {unknown}
 C - a potion of magic {unknown}
 E - a potion of resistance {unknown}
 I - a potion of berserk rage {unknown}
 J - a potion of invisibility {unknown}
 P - a potion of agility {unknown}
 R - 2 potions of cure mutation {unknown}
Books
 q - a book of Fire

   Spells                             Type                      Level
   a - Ignite Poison                  Fire/Transmutation/Poison    3
   b - Fireball                       Conjuration/Fire             5
   c - Bolt of Fire                   Conjuration/Fire             6
   d - Delayed Fireball               Conjuration/Fire             7
   e - Ring of Flames                 Charms/Fire                  7
 y - a book of Death

   Spells                             Type                      Level
   a - Corpse Rot                     Necromancy                   2
   b - Sublimation of Blood           Necromancy                   2
   c - Agony                          Necromancy                   5
   d - Dispel Undead                  Necromancy                   5
   e - Excruciating Wounds            Charms/Necromancy            5
   f - Bolt of Draining               Conjuration/Necromancy       5
 D - a book of Changes

   Spells                             Type                      Level
   a - Beastly Appendage              Transmutation                1
   b - Sticks to Snakes               Transmutation                2
   c - Spider Form                    Transmutation/Poison         3
   d - Ice Form                       Ice/Transmutation            4
   e - Blade Hands                    Transmutation                5
 N - a book of Misfortune

   Spells                             Type                      Level
   a - Confusing Touch                Hexes                        2
   b - Confuse                        Hexes                        3
   c - Gell's Gravitas                Hexes/Translocation          3
   d - Petrify                        Transmutation/Earth          4
   e - Metabolic Englaciation         Hexes/Ice                    5
   f - Yara's Violent Unravelling     Hexes/Transmutation          5
Comestibles
 f - 3 bread rations
 g - 3 meat rations
 v - 3 slices of pizza
 x - a royal jelly


   Skills:
 + Level 6.9 Fighting
 + Level 11.5 Axes
 + Level 6.9 Armour
 + Level 6.9 Shields
 + Level 1.2 Invocations


You had 8 spell levels left.
You didn't know any spells.

Dungeon Overview and Level Annotations

Branches:
Dungeon (8/15)             Temple (1/1) D:4
   Lair: D:8-11

Altars:
Ashenzari
Cheibriados
Dithmenos
Elyvilon
Gozag
Kikubaaqudgha
Makhleb
Okawaru
Pakellas
Qazlal
Ru
Sif Muna
Trog
Vehumet
Xom
Zin
The Shining One


Innate Abilities, Weirdness & Mutations

You reflexively headbutt those who attack you in melee.
You have a pair of horns on your head.


Message History

The manticore flicks its tail.
The volley of spikes hits you!
You slash the manticore!
The manticore is lightly wounded.
The manticore barely misses you. You block the manticore's attack.
The manticore claws you but does no damage.
You hit the manticore. You headbutt the manticore.
The manticore is moderately wounded.
You block the manticore's attack. x2; The manticore claws you!
You hit the manticore.
The manticore is moderately wounded.
The manticore completely misses you.
The manticore claws you but does no damage.
You block the manticore's attack.
You hit the manticore.
The manticore is heavily wounded.
The manticore bites you!!
* * * LOW HITPOINT WARNING * * *
The manticore claws you!
You die...

#....#.#.#.......#
#....#.#.#.####.##
#........#.# #.#
.###.#.###.#
#.#####
.#####...#.#
#.....#
.'....##.#.#
#####.#
.####....#.# #.#
.# ######.#
#####.# .# ...
#.@...# ## #H#####
#. # #. # #. # #.
# ### #. # ..# ###
## ###.# #..


You could see a manticore.

Vanquished Creatures
  Sigmund (D:2)
  A hungry ghost (D:7)
  Duvessa (D:6)
  3 orc warriors
  An ogre (D:2)
  An ice beast (D:8)
  2 phantoms
  A centaur (D:7)
  5 giant frogs
  A gnoll sergeant (D:8)
  Dowan (D:6)
  3 scorpions
  2 water moccasin skeletons
  A howler monkey (D:6)
  A giant frog zombie (D:5)
  Crazy Yiuf (D:2)
  An orc priest (D:8)
  2 hounds (D:7)
  5 orc wizards
  A giant frog skeleton (D:5)
  An iguana (D:8)
  Ijyb (D:2)
  6 worker ants
  2 hound zombies (D:6)
  3 hound skeletons
  A howler monkey skeleton (D:6)
  12 gnolls
  10 adders
  A shadow imp (D:6)
  An adder skeleton (D:6)
  An adder zombie (D:5)
  2 worms (D:2)
  3 dart slugs
  3 giant geckos
  20 orcs
  A ball python (D:2)
  3 giant cockroaches
  5 goblins
  6 hobgoblins
  10 kobolds
  3 quokkas
  7 bats
  A giant gecko skeleton (D:4)
  5 giant newts
  6 rats
149 creatures vanquished.

Notes
Turn   | Place    | Note
--------------------------------------------------------------
     0 | D:1      | Inkary the Minotaur Fighter began the quest for the Orb.
     0 | D:1      | Reached XP level 1. HP: 19/19 MP: 0/0
    77 | D:1      | Reached skill level 3 in Axes
   169 | D:1      | Reached XP level 2. HP: 26/26 MP: 1/1
   277 | D:1      | Reached skill level 4 in Axes
   525 | D:1      | Reached XP level 3. HP: 31/31 MP: 2/2
   853 | D:2      | Found a burning altar of Makhleb.
   854 | D:2      | Found a shimmering altar of Xom.
  1004 | D:2      | Noticed Sigmund
  1012 | D:2      | Killed Sigmund
  1012 | D:2      | Reached skill level 7 in Axes
  1012 | D:2      | Reached XP level 4. HP: 24/39 MP: 3/3
  1012 | D:2      | Reached XP level 5. HP: 28/45 MP: 4/4
  1118 | D:2      | Noticed Crazy Yiuf
  1126 | D:2      | Killed Crazy Yiuf
  1181 | D:2      | You fall through a shaft!
  1288 | D:3      | Reached XP level 6. HP: 51/51 MP: 5/5
  1445 | D:2      | Noticed Ijyb
  1456 | D:2      | Killed Ijyb
  1550 | D:2      | Reached skill level 8 in Axes
  1620 | D:2      | Found a bloodstained altar of Trog.
  2214 | D:3      | Noticed an orc warrior
  2230 | D:3      | Killed an orc warrior
  2230 | D:3      | Reached skill level 9 in Axes
  2230 | D:3      | Reached XP level 7. HP: 23/57 MP: 6/6
  3108 | D:4      | Reached skill level 10 in Axes
  3191 | D:4      | Found a shadowy altar of Dithmenos.
  3191 | D:4      | Found a sacrificial altar of Ru.
  3476 | D:4      | Found a staircase to the Ecumenical Temple.
  3667 | Temple   | Entered the Ecumenical Temple
  3701 | Temple   | Became a worshipper of Qazlal Stormbringer
  3752 | D:5      | Entered Level 5 of the Dungeon
  3954 | D:5      | Found an oddly glowing altar of Pakellas.
  4402 | D:6      | Reached XP level 8. HP: 63/66 MP: 7/7
  4436 | D:6      | Noticed Duvessa
  4436 | D:6      | Noticed Dowan
  4448 | D:6      | Killed Duvessa
  4454 | D:6      | Killed Dowan
  4907 | D:6      | Reached skill level 5 in Fighting
  4907 | D:6      | Reached skill level 5 in Armour
  4907 | D:6      | Reached skill level 5 in Shields
  5667 | D:7      | Reached skill level 11 in Axes
  5892 | D:7      | Found an iron altar of Okawaru.
  5892 | D:7      | Found a deep blue altar of Sif Muna.
  6016 | D:7      | Reached XP level 9. HP: 57/75 MP: 8/8
  6109 | D:8      | Reached * piety under Qazlal
  6421 | D:8      | Reached skill level 1 in Invocations
  6665 | D:8      | Noticed a manticore
  6678 | D:8      | Slain by a manticore

Skill      XL: |  1  2  3  4  5  6  7  8  9 |
---------------+----------------------------+-----
Axes           | 3 4 7 9 10 11 | 11.5
Fighting       | 4 6 |  6.9
Armour         | 4 6 |  6.9
Shields        | 4 6 |  6.9
Invocations    | 1 |  1.2

Action                   |  1- 3 |  4- 6 |  7- 9 || total
-------------------------+-------+-------+-------++-------
Melee: War axe           |    89 |   110 |   307 ||   506
       Headbutt          |     8 |    17 |    57 ||    82
  Use: Potion            |     1 |       |       ||     1
  Eat: Chunk             |       |     3 |    12 ||    15
       Fruit             |       |       |     3 ||     3
       Meat ration       |       |       |     2 ||     2
Armor: Scale mail        |    30 |    42 |   105 ||   177
Dodge: Dodged            |    26 |    23 |    78 ||   127
Block: Shield            |    45 |    43 |   132 ||   220
